 Dungeon Crawl Stone Soup version 0.24.0-13-gcf9b319 (webtiles) character file.

Game seed: 17802891707903737985, levelgen mode: deterministic

58 Ajohnson the Caller (level 4, -5/24 HPs)
             Began as a Tengu Summoner on Nov 25, 2019.
             Killed from afar by Sigmund (8 damage)
             ... with a magic dart
             ... on level 2 of the Dungeon.
             The game lasted 00:03:20 (1443 turns).

Ajohnson the Caller (Tengu Summoner)                Turns: 1443, Time: 00:03:21

Health: -5/24      AC:  2    Str:  9    XL:     4   Next: 2%
Magic:  7/8        EV: 13    Int: 16    God:
Gold:   58         SH:  0    Dex: 14    Spells: 0/7 levels left

rFire    . . .     SeeInvis .   d - +0 spear
rCold    . . .     Gourm    .   (no shield)
rNeg     . . .     Faith    .   a - +0 robe
rPois    .         Spirit   .   (helmet restricted)
rElec    .         Reflect  .   (no cloak)
rCorr    .         Harm     .   (no gloves)
MR       .....                  (boots unavailable)
Stlth    +.........             (no amulet)
HPRegen  0.08/turn              (no ring)
MPRegen  0.11/turn              (no ring)

@: confused
A: beak, talons 3
a: no special abilities


You were on level 2 of the Dungeon.
You were hungry.

You visited 1 branch of the dungeon, and saw 2 of its levels.

You collected 58 gold pieces.

Inventory:

Hand Weapons
 d - a +0 spear (weapon)
Armour
 a - a +0 robe (worn)
Wands
 i - a wand of iceblast (10)
Scrolls
 e - 2 scrolls of enchant armour {unknown}
 f - 2 scrolls of remove curse {unknown}
 g - 2 scrolls of identify {unknown}
 h - 3 scrolls of random uselessness {unknown}
 j - a scroll of teleportation {unknown}
Potions
 k - a potion of flight {unknown}
 l - a potion of ambrosia
 m - a potion of magic {unknown}
Comestibles
 b - a chunk of flesh
 c - a ration


   Skills:
 + Level 3.1 Dodging
 - Level 2.0 Stealth
 - Level 2.0 Spellcasting
 * Level 6.1 Summonings
 + Level 0.0 Air Magic


You couldn't memorise any spells.
You knew the following spells:

 Your Spells              Type           Power        Failure   Level  Hunger
a - Summon Small Mammal   Summ           ###.         1%          1    #......
b - Call Imp              Summ           ###.....     2%          2    ###....
c - Summon Lightning Spi  Summ/Air       ##......     52%         4    #####..

Your spell library contained the following spells:

 Spells                   Type           Power        Failure   Level  Hunger
 Call Canine Familiar     Summ           ###.....     4%          3    ###....
 Summon Guardian Golem    Hex/Summ       ##......     19%         3    ###....
 Summon Ice Beast         Ice/Summ       ##......     52%         4    #####..


Dungeon Overview and Level Annotations

Branches:
Dungeon (2/15)

Altars:

Annotations:
D:2 Sigmund


Innate Abilities, Weirdness & Mutations

You have a beak for a mouth.
You have claws for feet.


Message History

Sigmund is suddenly surrounded by pale blue light.
Sigmund zaps a wand.
The puff of flame misses you. The puff of flame hits your iron imp.
Your iron imp completely resists.
Sigmund points at you and mumbles some strange words.
You are confused.
Are you sure you want to stumble around while confused and next to your iron imp?
Okay, then.
Sigmund points at you and mumbles some strange words.
You resist with some effort. Sigmund casts a spell at you.
You are more confused.
Sigmund zaps a wand.
The puff of flame hits you!
* * * LOW HITPOINT WARNING * * *
You are feeling hungry.
Sigmund closely misses you. Sigmund barely misses you.
Sigmund casts a spell at you. The magic dart hits you!
You die...

#.########....#
########.# #....#
#........### #....#
#....>.....######....#
#..............##....#
#####''........#######
#.#....###.#......
#5#....#...#.#####
#@#....#.#.#5#...)
#######
#.######.#.[...###
......# #@#
#รท#.....#.[ ......#
#'# #5#.....#.#
......# ...
#.#.#'#+#.# ......#
....# #.#.#.....#
......# .....#
#.#.#..(..# ......#
.$....# #.#.#.....#
......# .......#
#.#.#......


You could see Sigmund and a friendly iron imp.

Vanquished Creatures
  A dart slug (D:2)
  A leopard gecko (D:2)
  3 bats (D:2)
  A giant cockroach (D:2)
  A goblin (D:2)
  2 hobgoblins
  2 jackals (D:1)
  3 kobolds
  A ball python (D:2)
  2 frilled lizards (D:1)
  A rat (D:2)
18 creatures vanquished.

Vanquished Creatures (collateral kills)
  Terence (D:2)
  Natasha (D:2)
  An adder (D:2)
  A worm (D:2)
  A leopard gecko (D:1)
  A giant cockroach (D:1)
  A ball python (D:2)
7 creatures vanquished.

Grand Total: 25 creatures vanquished

Notes
Turn   | Place    | Note
-------+----------+-------------------------------------------
     0 | D:1      | Ajohnson the Tengu Summoner began the quest for the Orb.
     0 | D:1      | Reached XP level 1. HP: 10/10 MP: 4/4
    55 | D:1      | Reached skill level 5 in Summonings
   173 | D:1      | Reached XP level 2. HP: 12/15 MP: 6/6
   177 | D:1      | Learned a level 2 spell: Call Imp
   778 | D:2      | Noticed Natasha
   791 | D:2      | Killed Natasha
   791 | D:2      | Reached XP level 3. HP: 19/19 MP: 3/7
   879 | D:2      | Noticed Terence
   891 | D:2      | Killed Terence
  1095 | D:2      | Reached skill level 6 in Summonings
  1286 | D:2      | Reached XP level 4. HP: 19/24 MP: 8/8
  1341 | D:2      | Learned a level 4 spell: Summon Lightning Spire
  1416 | D:2      | Noticed Sigmund
  1443 | D:2      | Killed from afar by Sigmund

Levels and vault maps discovered:
D:1:      ncdulo_lavacross, layout_loops_ring, minmay_misc_feat_encased
D:2:      layout_basic, uniq_terence, uniq_natasha, uniq_sigmund

Skill      XL: |  1  2  3 |
---------------+----------+-----
Summonings     | 5 6 |  6.1
Dodging        | 3 |  3.1
Stealth        | |  2.0
Spellcasting   | |  2.0

Action                   |  1- 3 |  4- 6 || total
-------------------------+-------+-------++-------
Melee: Spear             |    51 |     6 ||    57
       Unarmed           |     3 |       ||     3
       Kick              |     6 |     1 ||     7
       Peck              |     8 |       ||     8
 Cast: Summon Small Mamm |     6 |       ||     6
       Call Imp          |     8 |     3 ||    11
  Use: Potion            |       |     1 ||     1
 Stab: Sleeping          |     2 |       ||     2
  Eat: Chunk             |     2 |       ||     2
Armor: Robe              |     7 |     3 ||    10
Dodge: Dodged            |    43 |     8 ||    51
